 Dungeon Crawl Stone Soup version 0.30-a0-719-gcc4359ea44 (webtiles) character file.

Game seed: 5157666648777978591

91 ragingrage the Conjurer (level 4, -3/24 HPs)
             Began as a Tengu Conjurer on Jan 26, 2023.
             Slain by Grinder (6 damage)
             ... on level 3 of the Dungeon.
             The game lasted 00:02:54 (2120 turns).

ragingrage the Conjurer (Tengu Conjurer)            Turns: 2120, Time: 00:02:55

Health: -3/24      AC:  2    Str:  6 (7)  XL:     4   Next: 57%
Magic:  9/9        EV: 12    Int: 18 (21) God:
Gold:   115        SH:  0    Dex: 10 (12) Spells: 6/9 levels left

rFire   . . .      SeeInvis .    a - +1 dagger (drain)
rCold   . . .      Faith    .    (no shield)
rNeg    . . .      Spirit   .    c - +0 robe
rPois   .          Reflect  .    (helmet restricted)
rElec   .          Harm     .    (no cloak)
rCorr   .          Rampage  .    (no gloves)
Will    .....                    (boots unavailable)
Stlth   ++                       (no amulet)
HPRegen 0.24/turn                k - ring of wizardry
MPRegen 0.11/turn                (no ring)

@: flying, hasted, very quick
A: beak, talons 3
a: no special abilities


You were on level 3 of the Dungeon.
You visited 1 branch of the dungeon, and saw 3 of its levels.

You collected 115 gold pieces.

Inventory:

Hand Weapons
 a - a +1 dagger of draining (weapon)
 b - a +0 sling
Armour
 c - a +0 robe (worn)
Jewellery
 k - a ring of wizardry (left hand)
Scrolls
 h - a scroll of enchant weapon {unknown}
 i - 2 scrolls of amnesia {unknown}
 l - a scroll of fear {unknown}
 m - a scroll of noise {unknown}
 n - 2 scrolls of teleportation {unknown}
 o - a scroll of enchant armour {unknown}
 p - a scroll of silence {unknown}
 q - a scroll of magic mapping {unknown}
Potions
 d - a potion of magic
 e - 2 potions of curing


   Skills:
 - Level 2.1 Dodging
 - Level 2.0 Stealth
 + Level 3.1 Spellcasting
 + Level 6.9 Conjurations


You had 6 spell levels left.
You knew the following spells:

 Your Spells              Type           Power      Damage    Failure   Level
a - Magic Dart            Conj           100%       1d8       1%          1
b - Searing Ray           Conj           54%        2d6       1%          2

Your spell library contained the following spells:

 Spells                   Type           Power      Damage    Failure   Level
 Dazzling Flash           Conj/Hex       30%        N/A       4%          3
 Hailstorm                Conj/Ice       15%        3d5       4%          3
 Freeze                   Ice            8%         1d3       6%          1
 Slow                     Hex            8%         N/A       6%          1
 Scorch                   Fire           4%         2d5       10%         2
 Flame Wave               Conj/Fire      15%        2d7       16%         4
 Fulminant Prism          Conj/Hex       7%         3d6       16%         4
 Iskenderun's Mystic Bla  Conj/Tloc      15%        2d5       16%         4
 Confusing Touch          Hex            2%         N/A       19%         3
 Frozen Ramparts          Ice            4%         1d1       19%         3
 Vampiric Draining        Necr           2%         2d6       19%         3
 Agony                    Necr           2%         N/A       85%         5
 Silence                  Hex/Air        1%         N/A       85%         5
 Summon Cactus Giant      Summ           1%         N/A       100%        6


Dungeon Overview and Level Annotations

Branches:
Dungeon (3/15)

Altars:

Annotations:
D:3 Grinder


Innate Abilities, Weirdness & Mutations

You have a beak for a mouth.
You have claws for feet.


Message History

The giant cockroach barely misses you.
A giant cockroach is nearby!
The magic dart hits the giant cockroach.
You kill the giant cockroach!
Found a stone staircase leading up.
You can't see any susceptible monsters within range! (Use Z to cast anyway.) Done exploring.
You can't see any susceptible monsters within range! (Use Z to cast anyway.) Done exploring.
You can't see any susceptible monsters within range! (Use Z to cast anyway.) Done exploring.
You can't see any susceptible monsters within range! (Use Z to cast anyway.)
(D) Dungeon
Where to? (Enter - D:2, ? - help)
There is a stone staircase leading down here.
You climb downwards.
Grinder shouts!
Found a leather armour.
There is a stone staircase leading up here.
Grinder is nearby!
You aren't carrying any items that you can evoke.
Unknown command.
You have nothing you can fire or use right now.
Unknown command.
Okay, then.
It was a potion of curing.
You feel better. Grinder misses you.
It was a potion of degeneration.
There was something very wrong with that liquid.
You feel weakened.
You feel dopey.
You feel clumsy. Grinder hits you.
You writhe in agony.
It was a potion of flight.
You feel very buoyant.
You fly up into the air.
Grinder gestures at you. Pain shoots through your body!
* * * LOW HITPOINT WARNING * * *
It was a potion of haste.
You feel yourself speed up. Grinder hits you.
* * * LOW HITPOINT WARNING * * *
You writhe in agony.
You die...

. .. ... ...
######### ..
#.......#.##
#.....5@...#
#..............
#.............[
...............
#...#......####
#...#......#
#.. #......# #.
#......#


You could see Grinder.

Vanquished Creatures
  A gnoll (D:1)
  3 adders (D:2)
  2 worms (D:2)
  2 ball pythons
  8 bats
  2 endoplasms
  2 giant cockroaches
  5 goblins
  4 hobgoblins
  4 kobolds
  7 quokkas
  2 frilled lizards (D:2)
  2 rats (D:2)
44 creatures vanquished.

Notes
Turn   | Place    | Note
-------+----------+-------------------------------------------
     0 | D:1      | ragingrage the Tengu Conjurer began the quest for the Orb.
     0 | D:1      | Reached XP level 1. HP: 10/10 MP: 4/4
   160 | D:1      | Reached XP level 2. HP: 15/15 MP: 0/6
   432 | D:1      | Reached skill level 6 in Conjurations
   441 | D:1      | Learned a level 2 spell: Searing Ray
   570 | D:1      | Reached XP level 3. HP: 19/19 MP: 2/7
  1279 | D:1      | Found a faded altar of an unknown god.
  1507 | D:2      | Reached XP level 4. HP: 18/24 MP: 3/9
  2116 | D:3      | Noticed Grinder
  2120 | D:3      | Slain by Grinder

Illustrated notes

Levels and vault maps discovered:
D:1:      giann_wishing_wells, layout_loops_ring,
          shapermc_ecumenical_altar_mp_ritualfount
D:2:      layout_basic, kennysheep_nub
D:3:      cheibrodos_pilgrimage, layout_basic, uniq_terence, uniq_grinder

Skill      XL: |  1  2  3  4 |
---------------+-------------+-----
Conjurations   | 6 |  6.9
Spellcasting   | 3 |  3.1
Dodging        | |  2.1
Stealth        | |  2.0

Action                     |  1- 3 |  4- 6 || total
---------------------------+-------+-------++-------
  Melee: Dagger            |     1 |       ||     1
   Cast: Magic Dart        |    54 |    23 ||    77
         Searing Ray       |     3 |     3 ||     6
    Use: Potion            |       |     4 ||     4
 Armour: Robe              |     1 |     1 ||     2
  Dodge: Dodged            |     6 |     4 ||    10

Table legend: (Time is in decaauts)
 A = Elapsed time spent in this place.
 B = Non-inter-level travel time spent in this place.
 C = Inter-level travel time spent in this place.
 D = Time resting spent in this place.
 E = Time spent auto-exploring this place.
 F = Levels seen in this place.
 G = Mean time per level.
                   A        B        C        D        E       F      G
               +--------+--------+--------+--------+--------+-----+--------+
         Total |   2117 |   2058 |     59 |    636 |   1205 |   3 |  705.7 |
       Dungeon |   2117 |   2058 |     59 |    636 |   1205 |   3 |  705.7 |
               +--------+--------+--------+--------+--------+-----+--------+

Top non-repeatable levels by time:
     D:1: 1335 daAuts
     D:2: 778 daAuts
     D:3: 3 daAuts
